Map: 16 бит РВ

Players

Murena

  • Race: Terran Terran
  • Spawn Location: 7:00

ИИ 1 (эксперт) - Winner!

  • Race: Protoss Protoss
  • Spawn Location: 1:00

VOD

Have the link to the VOD?

Description

Time

  • Played on: March 29, 2019, 1:49 a.m.
  • Length: 8:08
Show
View Real Time Build Order
Export as new Build Order

Murena Terran 

Build Orders: Mech 

Get SALT Encoding   

  12  0:00  SCV  
  13  0:14  Refinery  
  13  0:16  SCV  
  14  0:27  Refinery  
  14  0:29  SCV  
  15  0:40  Supply Depot  
  15  1:03  Barracks, SCV  
  16  1:16  SCV  
  17  1:28  SCV  
  18  1:41  SCV  
  18  1:43  Supply Depot  
  19  1:52  Factory  
  19  1:53  Marine  
  20  1:57  SCV  
  21  2:13  Factory  
  21  2:16  Marine  
  21  2:21  SCV  
  23  2:35  Factory  
  23  2:38  Factory Tech Lab  
  23  2:42  SCV  
  24  2:46  Marine  
  25  2:55  SCV  
  26  3:03  Siege Tank  
  29  3:14  Supply Depot, SCV  
  29  3:17  Factory Tech Lab  
  30  3:21  Marine  
  30  3:24  Factory Tech Lab  
  31  3:36  Siege Tank  
  34  3:44  Siege Tank  
  37  3:53  Supply Depot  
  39  3:55  Widow Mine  
  39  4:04  Orbital Command  
  39  4:15  Barracks Tech Lab  
  39  4:17  Cyclone  
  42  4:27  Cyclone  
  45  4:34  Hellion  
  47  4:42  Supply Depot  
  47  4:51  Supply Depot  
  47  5:04  Cyclone  
  47  5:05  Cyclone  
  53  5:11  Marauder  
  53  5:14  Cyclone  
  58  5:23  Armory  
  58  5:32  Supply Depot  
  58  5:37  Hellion  
  58  5:38  Hellion  
  58  5:42  Marine  
  63  5:55  Hellion  
  65  6:00  Engineering Bay  
Show
View Real Time Build Order
Export as new Build Order

ИИ 1 (эксперт) Protoss - Winner!

Build Orders:  

Get SALT Encoding   

  12  0:00  Probe  
  13  0:13  Probe  
  14  0:20  Pylon  
  14  0:25  Probe  
  15  0:34  Probe  
  15  0:40  Gateway  
  15  0:42  Probe  
  16  0:49  Assimilator  
  17  0:52  Probe  
  18  1:00  Probe  
  18  1:01  Pylon  
  19  1:08  Probe  
  20  1:18  Probe  
  21  1:29  Zealot  
  21  1:31  Cybernetics Core  
  23  1:39  Probe, Gateway  
  24  1:50  Pylon  
  24  1:52  Probe  
  25  1:57  Zealot  
  25  2:01  Probe  
  28  2:09  Probe  
  28  2:10  Warp Gate  
  28  2:12  Assimilator  
  29  2:18  Probe  
  30  2:24  Adept  
  30  2:26  Adept  
  34  2:30  Probe  
  35  2:38  Pylon  
  35  2:42  Probe  
  36  2:53  Sentry  
  36  2:54  Adept, Probe  
  41  3:06  Probe  
  42  3:18  Nexus  
  42  3:19  Stalker  
  42  3:26  Probe  
  45  3:37  Robotics Facility  
  45  3:38  Probe  
  46  3:50  Probe  
  46  3:53  Pylon  
  47  4:11  Adept x2, Probe  
  52  4:23  Probe  
  53  4:25  Probe  
  53  4:29  Immortal  
  58  4:33  Probe  
  58  4:36  Stalker, Probe  
  62  4:43  Probe  
  62  4:44  Pylon  
  62  4:48  Probe  
  62  4:50  Stalker  
  66  4:56  Probe  
  67  5:00  Probe  
  67  5:02  Robotics Facility  
  67  5:05  Stalker, Immortal  
  70  5:08  Probe  
  70  5:12  Probe  
  72  5:20  Probe  
  77  5:23  Probe  
  77  5:24  Pylon  
  78  5:30  Gateway  
  78  5:38  Probe  
  78  5:41  Forge  
  78  5:42  Stalker, Sentry  
  83  5:48  Pylon  
  83  5:55  Assimilator  
  83  6:01  Assimilator  
  83  6:05  Stalker  
  83  6:06  Stalker  
  87  6:11  Pylon  
  87  6:15  Probe  
  87  6:17  Probe  
  89  6:23  Probe  
  89  6:24  Zealot  
  89  6:25  Forge  
  91  6:28  Stalker, Probe  
  91  6:31  Probe  
  95  6:35  Nexus, Pylon  
  96  6:51  Robotics Bay  
  96  7:00  Zealot, Sentry  
  96  7:01  Pylon  
  100  7:06  Observer  
  100  7:07  Zealot  
  101  7:20  Zealot  
  91  7:23  Stalker  
  91  7:24  Pylon  
  91  7:27  Zealot  
  81  7:36  Pylon  
  63  7:40  Stalker  
  67  7:45  Zealot  
  67  7:46  Stalker  
  67  7:48  Probe x2  
  67  7:49  Probe  
  68  7:58  Sentry  
  68  8:03  Zealot  
Tags
 
Composition
Mech
Matchup
ПvТ
Spawn Locations
Cross Positions
Add a new tag
Caveats
  • Supply blocks, unpowered buildings, or Contaminate may cause inaccurate times.
  • Supply counts are checked every 10 seconds.